 Dungeon Crawl Stone Soup version 0.28-a0-909-g796cbd3a86 (webtiles) character file.

Game seed: 8778834346687749181

3561 BinkBink the Cleaver (level 10, 0/88 HPs)
             Began as a Hill Orc Monk on Nov 25, 2021.
             Killed from afar by a steam dragon (19 damage)
             ... with a ball of steam
             ... on level 7 of the Dungeon.
             The game lasted 00:24:57 (12140 turns).

BinkBink the Cleaver (Hill Orc Monk)               Turns: 12140, Time: 00:24:58

Health: 0/88       AC: 13    Str: 18    XL:     10   Next: 9%
Magic:  9/9        EV:  9    Int: 10    God:
Gold:   260        SH: 10    Dex: 13    Spells: 9/9 levels left

rFire   . . .      SeeInvis .   a - +1 hand axe (flame)
rCold   . . .      Faith    .   y - +0 kite shield
rNeg    + . .      Spirit   .   e - +3 ring mail
rPois   .          Reflect  .   (helmet restricted)
rElec   .          Harm     .   p - +0 cloak
rCorr   .          Rampage  .   (no gloves)
Will    .....                   x - +1 pair of boots {Fly}
Stlth   +.........              (no amulet)
HPRegen 0.24/turn               B - ring of positive energy
MPRegen 0.11/turn               (no ring)

@: flying
A: beak, low mp 1, wild magic 1, noise suppression
a: no special abilities


You were on level 7 of the Dungeon.
You visited 2 branches of the dungeon, and saw 9 of its levels.

You collected 409 gold pieces.
You spent 149 gold pieces at shops.

Inventory:

Hand Weapons
 a - a +1 hand axe of flaming (weapon)
 b - a +0 scythe
 l - a +1 whip of venom
Armour
 e - a +3 ring mail (worn)
 p - a +0 cloak (worn)
 x - a +1 pair of boots of flying (worn)
 y - a +0 kite shield (worn)
 M - the +1 ring mail "Onauhuur" {Fly rPois rC- rN++}
   (You found it on level 7 of the Dungeon)

   rC:        It makes you vulnerable to cold.
   rPois:     It protects you from poison.
   rN:        It greatly protects you from negative energy.
   Fly:       It grants you flight.
Magical Staves
 I - a staff of fire
Jewellery
 j - a ring of see invisible
 B - a ring of positive energy (left hand)
 D - a ring of ice
 J - a ring of positive energy
 L - a ring of positive energy
Wands
 r - a wand of iceblast (23)
 t - a wand of polymorph (5)
 v - a wand of flame (31)
Scrolls
 c - a scroll of immolation
 d - 2 scrolls of magic mapping
 f - a scroll of identify
 g - 3 scrolls of teleportation
 k - 2 scrolls of silence
 w - 2 scrolls of noise
 A - a scroll of fear
Potions
 h - 2 potions of invisibility
 i - a potion of resistance {unknown}
 m - 2 potions of curing
 n - a potion of brilliance {unknown}
 s - 3 potions of attraction
 u - a potion of lignification {unknown}
 F - a potion of might {unknown}
 K - 2 potions of degeneration {unknown}


   Skills:
 + Level 7.8 Fighting
 + Level 11.8 Axes
 * Level 8.2 Armour
 - Level 2.4 Dodging
 - Level 1.5 Stealth
 * Level 6.2 Shields
 + Level 0.9 Unarmed Combat
 + Level 0.5 Evocations


You had 9 spell levels left.
You didn't know any spells.
Your spell library contained the following spells:

 Spells                   Type           Power      Damage    Failure   Level
 Slow                     Hex            0%         N/A       92%         1
 Passwall                 Tmut/Erth      0%         N/A       98%         2
 Confusing Touch          Hex            0%         N/A       100%        3
 Conjure Flame            Conj/Fire      0%         6-21      100%        3
 Ignite Poison            Fire/Tmut/Pois 0%         N/A       100%        3
 Inner Flame              Hex/Fire       0%         N/A       100%        3
 Swiftness                Air            0%         N/A       100%        3
 Vampiric Draining        Necr           0%         2d6       100%        3
 Cause Fear               Hex            0%         N/A       100%        4
 Sticky Flame             Conj/Fire      0%         2d3       100%        4
 Discord                  Hex            0%         N/A       100%        8


Dungeon Overview and Level Annotations

Branches:
Dungeon (8/15)             Temple (1/1) D:4            Lair (0/6) D:8

Altars:
Ashenzari
Cheibriados
Dithmenos
Elyvilon
Fedhas
Gozag
Hepliaklqana
Kikubaaqudgha
Makhleb
Qazlal
Ru
Sif Muna
Uskayaw
Vehumet
Wu Jian
Xom
Yredelemnul
Zin
The Shining One

Shops:
D:4 [   D:5 *

Annotations:
D:6 3 runed translucent doors, anet's ghost, novice GnDe


Innate Abilities, Weirdness & Mutations

You have a beak for a mouth.
Your magical capacity is low. (-10% MP)
Your spells are a little harder to cast, but a little more powerful.
You passively dampen the noise of your surroundings.


Message History

You hit the bullfrog. You burn the bullfrog.
The bullfrog is almost dead.
You block the bullfrog's attack.
You hit the bullfrog but do no damage.
The bullfrog is almost dead.
The bullfrog hits you but does no damage.
You slash the bullfrog! You burn the bullfrog.
You kill the bullfrog!
There is an escape hatch in the floor here.
HP restored.
Done exploring.
You fly downwards.
The hatch slams shut behind you.
The two-headed ogre shouts in stereo!
Found 13 gold pieces.
Found a stone staircase leading down.
The komodo dragon hisses angrily.
The komodo dragon bites you!! The komodo dragon bites you!!
A steam dragon comes into view.
The steam dragon hisses angrily.
The steam dragon breathes steam at you. The ball of steam misses you.
The steam dragon breathes steam at you. The ball of steam hits you.
The komodo dragon is engulfed in a cloud of scalding steam.
You block the steam dragon's attack. The steam dragon barely misses you.
The komodo dragon is engulfed in a cloud of scalding steam.
The two-headed ogre is engulfed in a cloud of scalding steam.
The two-headed ogre is engulfed in a cloud of scalding steam.
There is a stone staircase leading up here.
The steam dragon breathes steam at you. The ball of steam hits you!!
* * * LOW HITPOINT WARNING * * *
You fly upwards.
There is a stone staircase leading down here.
Okay, then.
You hit the steam dragon. You burn the steam dragon.
The steam dragon is lightly wounded.
The steam dragon breathes steam at you. The ball of steam hits you!!
You die...

##.####.....(.....#............#.
##...##.........####...........#.
.#...#))...###.## #..............
......#.....#...###..............
......#....##..........#........#
..##.......##.....#.......#...)##
.............>#..###......##..#<#
..............#...##.##..........
##..........##..@D#..............
..............##..#.....#........
.........##.#####...##...........
.#.#.....#### #.#..#..........#
######..## ####............#
#....# ##..<........# ##..##
###.......### ##.# #......## ###
###....#


You could see a steam dragon (catching breath).

Vanquished Creatures
  Prince Ribbit (D:7)
  Sigmund (D:2)
  A yak (D:6)
  A water moccasin (D:8)
  2 necrophages
  3 ice beasts
  A sky beast (D:5)
  An orc warrior (D:5)
  A black bear (D:6)
  3 ogres
  A centaur (D:6)
  4 bullfrogs
  3 scorpions
  A gnoll sergeant (D:6)
  A water moccasin zombie (D:5)
  2 water moccasin skeletons (D:5)
  A wyvern skeleton (D:7)
  5 wights (D:8)
  5 howler monkeys
  2 bullfrog zombies
  2 orc priests
  A gnoll shaman (D:7)
  3 hounds
  Ijyb (D:3)
  3 iguanas
  A scorpion zombie (D:5)
  7 orc wizards
  A hound zombie (D:5)
  A howler monkey zombie (D:6)
  4 gnolls (D:7)
  A howler monkey skeleton (D:5)
  7 adders
  A white imp (D:7)
  An adder skeleton (D:4)
  A worm (D:3)
  2 dart slugs
  15 orcs
  11 ball pythons
  3 bats (D:1)
  12 endoplasms
  2 giant cockroaches
  15 goblins
  3 hobgoblins
  7 jackals (D:3)
  17 kobolds
  5 quokkas
  6 frilled lizards
  5 rats
178 creatures vanquished.

Vanquished Creatures (others)
  39 fungi
  52 plants (D:8)
  11 toadstools (D:2)
102 creatures vanquished.

Grand Total: 280 creatures vanquished

Notes
Turn   | Place    | Note
-------+----------+-------------------------------------------
     0 | D:1      | BinkBink the Hill Orc Monk began the quest for the Orb.
     0 | D:1      | Reached XP level 1. HP: 19/19 MP: 1/1
   176 | D:1      | Reached XP level 2. HP: 27/27 MP: 2/2
   448 | D:1      | Reached skill level 1 in Armour
   598 | D:1      | Reached XP level 3. HP: 24/33 MP: 3/3
  1076 | D:2      | Reached skill level 5 in Axes
  1129 | D:2      | Noticed Sigmund
  1159 | D:2      | Killed Sigmund
  1160 | D:2      | Reached skill level 6 in Axes
  1160 | D:2      | Reached XP level 4. HP: 32/41 MP: 4/4
  1160 | D:2      | Reached XP level 5. HP: 37/47 MP: 5/5
  2172 | D:2      | Reached XP level 6. HP: 34/53 MP: 6/6
  2518 | D:3      | Noticed Ijyb
  3294 | D:3      | Killed Ijyb
  3495 | D:3      | Reached skill level 7 in Axes
  3713 | D:4      | Found Xiucun's Armour Shoppe.
  3787 | D:4      | Found a staircase to the Ecumenical Temple.
  4130 | Temple   | Entered the Ecumenical Temple
  4296 | D:4      | Bought a +0 pair of boots of flying for 149 gold pieces
  4697 | D:4      | Reached skill level 5 in Fighting
  4697 | D:4      | Reached XP level 7. HP: 61/61 MP: 7/7
  4962 | D:5      | Entered Level 5 of the Dungeon
  4994 | D:5      | Reached skill level 8 in Axes
  5100 | D:5      | Reached skill level 1 in Shields
  5257 | D:5      | Reached skill level 5 in Armour
  5470 | D:5      | Reached XP level 8. HP: 63/69 MP: 8/8
  5531 | D:5      | Reached skill level 9 in Axes
  5900 | D:5      | Found Gozag's Platinum Reserve.
  5906 | D:5      | Found an opulent altar of Gozag.
  6581 | D:6      | Reached skill level 10 in Axes
  7340 | D:6      | Found a broken altar of Ashenzari.
  7348 | D:6      | Noticed a yak
  7366 | D:6      | Killed a yak
  7367 | D:6      | Reached XP level 9. HP: 78/78 MP: 9/9
  7978 | D:6      | Noticed a gargoyle
  7984 | D:6      | Noticed anet's ghost (novice GnDe)
  7986 | D:6      | Found a runed translucent gate.
  8036 | D:6      | Found a runed translucent gate.
  8038 | D:6      | Found a runed translucent gate.
  9530 | D:7      | Found a hide-covered altar of Uskayaw.
  9530 | D:7      | Found a burning altar of Makhleb.
  9532 | D:7      | Found a stormy altar of Qazlal.
  9535 | D:7      | Found a shimmering blue altar of Sif Muna.
  9536 | D:7      | Found a snail-covered altar of Cheibriados.
  9537 | D:7      | Noticed Prince Ribbit
  9789 | D:7      | Reached skill level 11 in Axes
  9978 | D:7      | Identified the +1 ring mail "Onauhuur" {Fly rPois rC- rN++}
 10487 | D:6      | Gained mutation: You occasionally shout uncontrollably at
                  | your foes. [potion of mutation]
 10487 | D:6      | Gained mutation: Your magical capacity is low. (-10% MP)
                  | [potion of mutation]
 10487 | D:6      | Gained mutation: You are strong-willed. (Will+) [potion of
                  | mutation]
 10488 | D:6      | Lost mutation: You are strong-willed. (Will+) [potion of
                  | mutation]
 10488 | D:6      | Lost mutation: You occasionally shout uncontrollably at
                  | your foes. [potion of mutation]
 10488 | D:6      | Gained mutation: You passively dampen the noise of your
                  | surroundings. [potion of mutation]
 10488 | D:6      | Gained mutation: You have a beak for a mouth. [potion of
                  | mutation]
 10488 | D:6      | Gained mutation: Your spells are a little harder to cast,
                  | but a little more powerful. [potion of mutation]
 10877 | D:7      | Killed Prince Ribbit
 10878 | D:7      | Reached skill level 5 in Shields
 11282 | D:8      | Found a staircase to the Lair.
 11282 | D:8      | Noticed a komodo dragon
 11282 | D:8      | Noticed a two-headed ogre
 11638 | D:8      | Reached XP level 10. HP: 51/88 MP: 9/9
 12140 | D:7      | Killed from afar by a steam dragon

Illustrated notes

Levels and vault maps discovered:
D:1:      moated_graveyard_arrival, layout_loops_ring
D:2:      cheibrodos_fertilizer, layout_basic, uniq_sigmund
D:3:      kennysheep_goblin_castle, layout_loops_corners,
          wander_ebering_terrifying_dragon_lair
D:4:      cheibrodos_old_hovel, layout_loops_ring,
          minmay_temple_entry_large_hall, serial_shops, nicolae_stop_n_shop_1,
          minmay_hedge_maze
D:5:      layout_loops_cross, nicolae_gozag_zags_fifth_avenue,
          minmay_increasing_density
D:6:      minmay_evil_eye, layout_layer_cave, lemuel_tele_altar,
          gammafunk_ghost_split
D:7:      layout_cave_pools, grunt_temple_overflow_open, uniq_prince_ribbit1
D:8:      layout_basic, due_lair_maze_entry_diamond, serial_glass,
          glass_columns_b, glass_columns_c, minmay_misc_feat_iff,
          nicolae_elemental_shop
Temple:   nicolae_temple_x_marks_the_god

Skill      XL: |  1  2  3  4  5  6  7  8  9 10 |
---------------+-------------------------------+-----
Fighting       | 4 5 6 7 |  7.8
Armour         | 1 3 4 5 6 8 |  8.2
Axes           | 6 7 8 10 11 | 11.8
Shields        | 1 3 5 6 |  6.2
Dodging        | |  2.4
Stealth        | |  1.5
Unarmed Combat | |  0.9
Evocations     | |  0.5

Action                   |  1- 3 |  4- 6 |  7- 9 | 10-12 || total
-------------------------+-------+-------+-------+-------++-------
Melee: Hand axe          |   121 |   224 |   649 |    39 ||  1033
       Unarmed           |       |     7 |       |       ||     7
       Punch             |       |       |     2 |       ||     2
       Peck              |       |       |    22 |     5 ||    27
Evoke: Wand              |       |       |     5 |       ||     5
  Use: Potion            |       |       |     7 |       ||     7
       Scroll            |       |       |    14 |       ||    14
 Stab: Distracted        |       |     1 |       |       ||     1
       Sleeping          |       |     1 |     1 |       ||     2
Armor: Ring mail         |    37 |    91 |   271 |    18 ||   417
       Skin              |       |     1 |       |       ||     1
Dodge: Dodged            |    66 |   121 |   254 |    16 ||   457
Block: Kite shield       |       |       |    95 |    22 ||   117

Table legend: (Time is in decaauts)
 A = Elapsed time spent in this place.
 B = Non-inter-level travel time spent in this place.
 C = Inter-level travel time spent in this place.
 D = Time resting spent in this place.
 E = Time spent auto-exploring this place.
 F = Levels seen in this place.
 G = Mean time per level.
                   A        B        C        D        E       F      G
               +--------+--------+--------+--------+--------+-----+--------+
         Total |  12065 |  11083 |    982 |      0 |   8598 |   9 | 1340.6 |
       Dungeon |  11953 |  11018 |    935 |      0 |   8538 |   8 | 1494.1 |
        Temple |    111 |     65 |     46 |      0 |     60 |   1 |  111.0 |
               +--------+--------+--------+--------+--------+-----+--------+

Top non-repeatable levels by time:
     D:6: 2799 daAuts
     D:5: 2312 daAuts
     D:3: 1516 daAuts
     D:7: 1467 daAuts
     D:1: 1432 daAuts
     D:4: 1048 daAuts
     D:2: 955 daAuts
     D:8: 421 daAuts
  Temple: 111 daAuts
